 Dungeon Crawl Stone Soup version 0.28-a0-1389-gc726bef33b (webtiles) character file.

Game seed: 6762907088123260775

308 siradein the Skirmisher (level 6, -7/100 HPs)
             Began as an Ogre Berserker on Jan 4, 2022.
             Was a Believer of Trog.
             Mangled by a gnoll (11 damage)
             ... on level 4 of the Dungeon.
             The game lasted 00:10:54 (4194 turns).

siradein the Skirmisher (Ogre Berserker)            Turns: 4194, Time: 00:10:55

Health: -7/100     AC:  3    Str: 24    XL:     6   Next: 40%
Magic:  6/6        EV: 10    Int:  8    God:    Trog [**....]
Gold:   76         SH:  0    Dex:  8    Spells: 5/5 levels left

rFire   . . .      SeeInvis .   i - +0 giant club
rCold   + . .      Faith    .   (shield currently unavailable)
rNeg    . . .      Spirit   .   b - +0 animal skin
rPois   .          Reflect  .   (helmet restricted)
rElec   .          Harm     .   (no cloak)
rCorr   .          Rampage  .   (gloves unavailable)
Will    .....                   (boots unavailable)
Stlth   ..........              (no amulet)
HPRegen 0.26/turn               d - ring of protection from cold
MPRegen 0.10/turn               (no ring)

@: berserking (expiring), very quick
A: large, unfitting armour, tough skin 1
a: Renounce Religion, Berserk, Trog's Hand


You were on level 4 of the Dungeon.
You worshipped Trog.
Trog was pleased with you.
You visited 1 branch of the dungeon, and saw 4 of its levels.

You collected 76 gold pieces.

Inventory:

Hand Weapons
 i - a +0 giant club (weapon)
Armour
 b - a +0 animal skin (worn)
Jewellery
 d - a ring of protection from cold (left hand)
Scrolls
 a - a scroll of silence {unknown}
 k - 2 scrolls of fear {unknown}
 l - 2 scrolls of teleportation {unknown}
 m - a scroll of holy word {unknown}
 n - a scroll of enchant weapon {unknown}
Potions
 c - 2 potions of heal wounds {unknown}
 e - a potion of might {unknown}
 f - a potion of cancellation {unknown}
 g - a potion of mutation {unknown}
 h - a potion of invisibility {unknown}
 j - a potion of flight {unknown}
 o - a potion of attraction {unknown}
 p - a potion of curing {unknown}
 q - a potion of ambrosia {unknown}


   Skills:
 + Level 6.2 Fighting
 + Level 4.2 Maces & Flails
 + Level 4.2 Dodging


You had 5 spell levels left.
You didn't know any spells.
Your spell library was empty.

Dungeon Overview and Level Annotations

Branches:
Dungeon (4/15)
 Temple: D:4-7

Altars:

Shops:
D:2 *


Innate Abilities, Weirdness & Mutations

You are too large for most types of armour.
You have tough skin. (AC +1)


Message History

The orc wizard gestures wildly while chanting.
The orc wizard flickers and vanishes!
Deactivating autopickup; reactivate with Ctrl-A.
You closely miss the orc. The orc closely misses you.
You miss something. Something hits you.
You barely miss something. Something hits you. The gnoll misses you.
Something hits you.
You barely miss something.
The gnoll hits you from afar with a +0 halberd!
You hear some strange, mumbled words.
A magic dart appears from out of thin air!
The magic dart hits you.
The gnoll hits you from afar with a +0 halberd!
You closely miss something. Something hits you but does no damage.
The gnoll hits you from afar with a +0 halberd!
You are too injured to fight recklessly!
You are too injured to fight recklessly!
You miss something. Something hits you.
The gnoll hits you from afar with a +0 halberd.
Something hits you.
You miss something.
The gnoll hits you from afar with a +0 halberd!
* * * LOW HITPOINT WARNING * * *
Something hits you.
* * * LOW HITPOINT WARNING * * *
The gnoll closely misses you.
A red film seems to cover your vision as you go berserk!
You feel yourself moving faster!
You feel mighty! Something hits you but does no damage.
The gnoll barely misses you.
You miss something. Something hits you.
* * * LOW HITPOINT WARNING * * *
The gnoll hits you from afar with a +0 halberd!
* * * LOW HITPOINT WARNING * * *
You barely miss something. Something hits you but does no damage.
The gnoll barely misses you.
You closely miss something. Something hits you but does no damage.
The gnoll hits you but does no damage.
You miss something. Something hits you but does no damage.
The gnoll hits you from afar with a +0 halberd!
You die...

..# # #.#
#.#.#
#####.#.#
......#.#
..#...go#
....oo)o#
###g#
#@{o#
#####


You could see a gnoll and an orc.

Vanquished Creatures
  An ogre (D:2)
  A centaur skeleton (D:4)
  Robin (D:2)
  6 adders
  4 gnolls
  A worm (D:2)
  2 dart slugs (D:1)
  6 orcs
  6 endoplasms
  2 giant cockroaches (D:3)
  11 goblins
  3 hobgoblins (D:2)
  8 jackals
  6 ball pythons
  9 bats
  2 frilled lizards (D:3)
  6 kobolds
  5 rats
80 creatures vanquished.

Notes
Turn   | Place    | Note
-------+----------+-------------------------------------------
     0 | D:1      | siradein the Ogre Berserker began the quest for the Orb.
     0 | D:1      | Reached XP level 1. HP: 24/24 MP: 1/1
   290 | D:1      | Reached XP level 2. HP: 22/32 MP: 2/2
   693 | D:1      | Reached XP level 3. HP: 30/40 MP: 3/3
   839 | D:1      | Found a faded altar of an unknown god.
  1204 | D:2      | Reached XP level 4. HP: 36/49 MP: 4/4
  1204 | D:2      | Reached ** piety under Trog
  1529 | D:2      | Reached skill level 5 in Fighting
  1565 | D:2      | Noticed an ogre
  1575 | D:2      | Killed an ogre
  1576 | D:2      | Reached XP level 5. HP: 57/57 MP: 5/5
  1698 | D:2      | Noticed Robin
  1729 | D:2      | Killed Robin
  1909 | D:2      | Found Domni's General Store.
  3384 | D:3      | Reached XP level 6. HP: 67/67 MP: 6/6
  3560 | D:3      | Reached skill level 6 in Fighting
  4191 | D:4      | HP: 4/100 [gnoll (9)]
  4194 | D:4      | Mangled by a gnoll

Illustrated notes

Levels and vault maps discovered:
D:1:      elethiomel_arrival_shortcut, layout_basic, basic_ecumenical_altar,
          minmay_stone_trees_small
D:2:      layout_basic, serial_shops, shop_fountains, grunt_decor_junction,
          uniq_robin
D:3:      layout_basic
D:4:      layout_basic, tso_oasis_becter, serial_shops, nicolae_take_the_stairs,
          minivault_19

Skill      XL: |  1  2  3  4  5  6 |
---------------+-------------------+-----
Dodging        | 3 4 |  4.2
Maces & Flails | 3 4 |  4.2
Fighting       | 5 6 |  6.2

Action                   |  1- 3 |  4- 6 || total
-------------------------+-------+-------++-------
Melee: Mace              |    97 |    16 ||   113
       Giant club        |       |   161 ||   161
Invok: Berserk           |     1 |     4 ||     5
Armor: Animal skin       |    42 |    56 ||    98
Dodge: Dodged            |    69 |   121 ||   190

Table legend: (Time is in decaauts)
 A = Elapsed time spent in this place.
 B = Non-inter-level travel time spent in this place.
 C = Inter-level travel time spent in this place.
 D = Time resting spent in this place.
 E = Time spent auto-exploring this place.
 F = Levels seen in this place.
 G = Mean time per level.
                   A        B        C        D        E       F      G
               +--------+--------+--------+--------+--------+-----+--------+
         Total |   4332 |   4209 |    123 |    480 |   3042 |   4 | 1083.0 |
       Dungeon |   4332 |   4209 |    123 |    480 |   3042 |   4 | 1083.0 |
               +--------+--------+--------+--------+--------+-----+--------+

Top non-repeatable levels by time:
     D:2: 1965 daAuts
     D:3: 1273 daAuts
     D:1: 1055 daAuts
     D:4: 38 daAuts
